 Dungeon Crawl Stone Soup version 0.18.1-8-gdd0e5ea (webtiles) character file.

44 M4edhros the Sneak (level 3, 0/23 HPs)
             Began as an Octopode Artificer on June 8, 2016.
             Slain by Robin
             ... wielding a +4 whip of venom
              (1 damage)
             ... on level 2 of the Dungeon.
             The game lasted 00:01:46 (1394 turns).

M4edhros the Sneak (Octopode Artificer)             Turns: 1394, Time: 00:01:47

Health: 0/23       AC:  1    Str: 10    XL:     3   Next: 62%
Magic:  5/5        EV: 12    Int: 14    God:
Gold:   57         SH:  0    Dex: 13    Spells: 0 memorised, 2 levels left

rFire  . . .     SeeInvis .     g - +1 dagger (venom)
rCold  . . .     Gourm    .     (no shield)
rNeg   . . .     Faith    .     (helmet restricted)
rPois  .         Spirit   .     (no amulet)
rElec  .         Dismiss  .     (no ring)
rCorr  .         Reflect  .     (no ring)
SustAt .         Harm     .     (no ring)
MR     .....                    (no ring)
Stlth  ++++......               (no ring)
                                (no ring)
                                (no ring)
                                (no ring)

@: lethally poisoned (0 -> -8), not resistant to hostile enchantments, stealthy
A: almost no armour, amphibious, 8 rings, constrict 8, camouflage 1, gelatinous
body 1
a: no special abilities


You were on level 2 of the Dungeon.
You were not hungry.

You visited 1 branch of the dungeon, and saw 3 of its levels.

You collected 57 gold pieces.

Inventory:

Hand Weapons
 a - a +0 short sword
 g - a +1 dagger of venom (weapon)
Wands
 b - a wand of flame (14/48)
 c - a wand of enslavement (14/24)
 d - a wand of random effects (15/48)
Scrolls
 e - a scroll of remove curse {unknown}
Potions
 h - a potion of lignification {unknown}
Comestibles
 f - a bread ration


   Skills:
 - Level 1.0 Fighting
 - Level 1.0 Short Blades
 - Level 2.0 Dodging
 + Level 4.9 Stealth
 - Level 3.2 Evocations


You had 2 spell levels left.
You didn't know any spells.

Dungeon Overview and Level Annotations

Branches:
Dungeon (3/15)

Altars:
Kikubaaqudgha

Annotations:
D:2 Robin


Innate Abilities, Weirdness & Mutations

You cannot wear most types of armour.
You are amphibious.
You can wear up to eight rings at the same time.
You can use your tentacles to constrict eight enemies at once.
Your skin changes colour to match your surroundings (Stealth).
Your rubbery body absorbs attacks (AC +1).


Message History

You miss the goblin. Your grab misses the goblin.
You kill the goblin!
The goblin hits you but does no damage.
Unknown command.
You hit the goblin.
The goblin is poisoned.
Your grab misses the goblin. Your squeeze misses the goblin.
The goblin is moderately wounded.
You kill the goblin!
Robin roars a battlecry!
The hobgoblin goes into a battle-frenzy!
Robin hits you with a whip of venom.
* * * LOW HITPOINT WARNING * * *
You are lethally poisoned!
A hobgoblin comes into view.
You hit Robin.
Robin is poisoned.
You grab Robin.
Robin is moderately wounded.
You constrict Robin.
* * * LOW HITPOINT WARNING * * *
You feel sick. Robin hits you with a whip of venom.
You die...

....'................
....#######....###.#
....# ####.# ....#
####...### ....###
#........# ###
......# #........#.g.
..†...#
#........#.###
......#
#.......)g.$.#
......# #.....†.@#
......# #......))#
......# #........#
......#
#........######
#######
#.............# ####
#.............# ...#
########......# ##.#
#......# .#'#####
#......#


You could see Robin and a hobgoblin.

Vanquished Creatures
  An adder (D:2)
  An adder zombie (D:1)
  2 giant geckos
  A bat zombie (D:1)
  2 giant cockroaches
  15 goblins
  A hobgoblin (D:2)
  2 giant newts
  A rat (D:1)
26 creatures vanquished.

Notes
Turn   | Place    | Note
--------------------------------------------------------------
     0 | D:1      | M4edhros the Octopode Artificer began the quest for the Orb.
     0 | D:1      | Reached XP level 1. HP: 13/13 MP: 3/3
    26 | D:1      | Reached skill level 2 in Stealth
   371 | D:1      | Reached XP level 2. HP: 9/18 MP: 4/4
   373 | D:1      | Reached skill level 3 in Stealth
   611 | D:2      | Found an ancient bone altar of Kikubaaqudgha.
  1155 | D:2      | Reached skill level 4 in Stealth
  1155 | D:2      | Reached XP level 3. HP: 23/23 MP: 5/5
  1387 | D:2      | Noticed Robin
  1394 | D:2      | HP: 1/23 [poisoned by Robin]
  1394 | D:2      | Slain by Robin

Skill      XL: |  1  2 |
---------------+-------+-----
Stealth        | 2 4 |  4.9
Fighting       | |  1.0
Short Blades   | |  1.0
Dodging        | |  2.0
Evocations     | |  3.2

Action                   || total
-------------------------++-------
Melee: Short sword       ||    37
       Constrict         ||    12
       Tentacles         ||     7
       Dagger            ||    21
Evoke: Wand              ||     2
 Stab: Sleeping          ||     5
  Eat: Chunk             ||     1
Armor: Skin              ||     6
Dodge: Dodged            ||    22
